| TOP OF THE 1ST |
|
Elizabethton Twins batting - Pitching for Greeneville Astros : RHP David Sanchez
|
|
Pitching: RHP David Sanchez
|
|
|
Batting: RHB Nestor Moreno
|
0-0: Called Strike 0-1: Ball 1-1: SINGLE (Line Drive, 78M, EV 88.8 MPH)
|
|
Batting: RHB Josh Harmon
|
0-0: Ball 1-0: Called Strike 1-1: Ball Nestor Moreno steals 2nd base 2-1: Foul Ball, location: 2F 2-2: Ball 3-2: Fly out, F7 (Flyball, 7D, EV 101.2 MPH) Runner from 2nd tags up, SAFE at 3rd, no throw by LF
|
|
Batting: LHB Bill Lorimer
|
0-0: Ball 1-0: Ball 2-0: Ball 3-0: Called Strike 3-1: Foul Ball, location: 2F 3-2: Strikes out swinging
|
|
Batting: LHB David Ramos
|
0-0: Foul Ball, location: 2F 0-1: Foul Ball, location: 2F 0-2: Strikes out looking
|
| Top of the 1st over - 0 runs, 1 hit, 0 errors, 1 left on base; Elizabethton 0 - Greeneville 0 |
| BOTTOM OF THE 1ST |
|
Greeneville Astros batting - Pitching for Elizabethton Twins : RHP Olegário Salsinha
|
|
Pitching: RHP Olegário Salsinha
|
|
|
Batting: RHB Jason Monico
|
0-0: Foul Ball, location: 2F 0-1: Foul Ball, location: 2F 0-2: Foul Ball, location: 2F 0-2: Hit by Pitch
|
|
Batting: RHB John Moore
|
0-0: Ball 1-0: Called Strike 1-1: 2-RUN HOME RUN (Flyball, 9D, EV 95.6 MPH), Distance : 369 ft
|
|
Batting: LHB Vecdi Hodensack
|
0-0: Called Strike 0-1: Called Strike 0-2: Ball 1-2: Strikes out looking
|
|
Batting: RHB Areda Obote
|
0-0: Ball 1-0: SOLO HOME RUN (Flyball, 78XD, EV 111.2 MPH), Distance : 422 ft
|
|
Batting: RHB Hugo Priego
|
0-0: Foul Ball, location: 2F 0-1: SOLO HOME RUN (Flyball, 78XD, EV 106.2 MPH), Distance : 417 ft
|
|
Batting: SHB Terciero Ortiz
|
0-0: Called Strike 0-1: Ground out 6-3 (Groundball, 6M, EV 110.0 MPH)
|
|
Batting: RHB Roger Pelley
|
0-0: Ball 1-0: Called Strike 1-1: Foul Ball, location: 2F 1-2: Ground out U3 (Groundball, 3L, EV 101.9 MPH)
|
| Bottom of the 1st over - 4 runs, 3 hits, 0 errors, 0 left on base; Elizabethton 0 - Greeneville 4 |
| TOP OF THE 2ND |
|
Elizabethton Twins batting - Pitching for Greeneville Astros : RHP David Sanchez
|
|
Batting: RHB Ratko Macura
|
0-0: Foul Ball, location: 2F 0-1: Ball 1-1: Foul Ball, location: 2F 1-2: Foul Ball, location: 2F 1-2: Foul Ball, location: 2F 1-2: Ball 2-2: Ball 3-2: SINGLE (Flyball, 5D, EV 90.6 MPH)
|
|
Batting: SHB Rodrigo Mendoza
|
0-0: Ball Wild Pitch! Ratko Macura to second 1-0: Ball 2-0: Ball 3-0: Base on Balls
|
|
Batting: RHB Kenny Reynolds
|
0-0: Ball 1-0: Ball 2-0: Ball 3-0: Called Strike 3-1: Base on Balls Ratko Macura to third Rodrigo Mendoza to second
|
|
Batting: SHB Ed Mosqueda
|
0-0: Swinging Strike 0-1: Swinging Strike 0-2: Ball 1-2: Ball 2-2: Foul Ball, location: 2F 2-2: Ball 3-2: Base on Balls Ratko Macura scores Rodrigo Mendoza to third Kenny Reynolds to second
|
|
Batting: LHB Joey Zamora
|
0-0: Ball 1-0: Called Strike 1-1: Foul Ball, location: 2F 1-2: Ball Wild Pitch! Rodrigo Mendoza scores Kenny Reynolds to third Ed Mosqueda to second 2-2: Ball 3-2: Ground out 3-1 (Groundball, 34S, EV 85.0 MPH) Kenny Reynolds scores Ed Mosqueda to third
|
|
Batting: RHB Nestor Moreno
|
0-0: Fly out, F8 (Flyball, 8LS, EV 83.1 MPH)
|
|
Batting: RHB Josh Harmon
|
0-0: Called Strike 0-1: Ball 1-1: Ground out 5-3 (Groundball, 5S, EV 78.1 MPH)
|
| Top of the 2nd over - 3 runs, 1 hit, 0 errors, 1 left on base; Elizabethton 3 - Greeneville 4 |
| BOTTOM OF THE 2ND |
|
Greeneville Astros batting - Pitching for Elizabethton Twins : RHP Olegário Salsinha
|
|
Batting: RHB Domingas Saragoa
|
0-0: Called Strike 0-1: Foul Ball, location: 2F 0-2: Ball 1-2: Ball 2-2: Foul Ball, location: 2F 2-2: Ball 3-2: DOUBLE (Line Drive, 78D, EV 105.6 MPH)
|
|
Batting: RHB Devon Healy
|
0-0: Ball 1-0: Called Strike 1-1: Foul Ball, location: 2F 1-2: Ball 2-2: Foul Ball, location: 2F 2-2: Reached via error on a dropped throw from 3B, E3 (Groundball, 5, EV 85.6 MPH) Domingas Saragoa to third
|
|
Batting: RHB Jason Monico
|
0-0: Ball 1-0: Ball 2-0: Called Strike 2-1: Called Strike 2-2: Fielders Choice at 2nd, 5-4 (Groundball, 56, EV 100.0 MPH) Domingas Saragoa scores
|
|
Batting: RHB John Moore
|
0-0: Called Strike 0-1: Foul Ball, location: 2F 0-2: Ball 1-2: Foul Ball, location: 2F 1-2: Ball 2-2: Ball 3-2: Strikes out swinging
|
|
Batting: LHB Vecdi Hodensack
|
0-0: Ball Jason Monico steals 2nd base 1-0: Ball 2-0: Ball 3-0: Called Strike 3-1: Called Strike 3-2: 2-RUN HOME RUN (Flyball, 9D, EV 95.0 MPH), Distance : 353 ft
|
|
Pitching: LHP Mike Horton
|
|
|
Batting: RHB Areda Obote
|
0-0: Ball 1-0: Called Strike 1-1: Ball 2-1: Ball 3-1: Foul Ball, location: 2F 3-2: Base on Balls
|
|
Batting: RHB Hugo Priego
|
0-0: Ball 1-0: Called Strike 1-1: Ball 2-1: Foul Ball, location: 2F 2-2: Ball 3-2: DOUBLE (Line Drive, 78D, EV 108.8 MPH) Areda Obote to third Areda Obote scores
|
|
Batting: SHB Terciero Ortiz
|
0-0: Foul Ball, location: 2F 0-1: Fly out, F2 (Popup, 2LF, EV 86.2 MPH)
|
| Bottom of the 2nd over - 4 runs, 3 hits, 1 error, 1 left on base; Elizabethton 3 - Greeneville 8 |
| TOP OF THE 3RD |
|
Elizabethton Twins batting - Pitching for Greeneville Astros : RHP David Sanchez
|
|
Batting: LHB Bill Lorimer
|
0-0: Ball 1-0: Foul Ball, location: 2F 1-1: SOLO HOME RUN (Flyball, 9D, EV 98.8 MPH), Distance : 368 ft
|
|
Batting: LHB David Ramos
|
0-0: Ball 1-0: Ball 2-0: Foul Ball, location: 2F 2-1: SINGLE (Groundball, 4MD, EV 97.5 MPH)
|
|
Batting: RHB Ratko Macura
|
0-0: Swinging Strike 0-1: Ball 1-1: Foul Ball, location: 2F 1-2: Ball 2-2: Fly out, F9 (Flyball, 9, EV 77.5 MPH)
|
|
Batting: SHB Rodrigo Mendoza
|
0-0: Ball David Ramos steals 2nd base 1-0: Ball 2-0: Ball 3-0: Base on Balls
|
|
Batting: RHB Kenny Reynolds
|
0-0: Ball David Ramos steals 3rd base 1-0: Fly out, F7 (Flyball, 7, EV 96.9 MPH) Runner from 3rd tags up, SCORES, no throw by LF
|
|
Pitching: RHP Steve Kelly
|
|
|
Batting: SHB Ed Mosqueda
|
0-0: Ball Rodrigo Mendoza steals 2nd, throwing error, E2 Rodrigo Mendoza to third 1-0: Ball 2-0: Ground out 4-3 (Groundball, 4, EV 77.5 MPH)
|
| Top of the 3rd over - 2 runs, 2 hits, 1 error, 1 left on base; Elizabethton 5 - Greeneville 8 |
| BOTTOM OF THE 3RD |
|
Greeneville Astros batting - Pitching for Elizabethton Twins : LHP Mike Horton
|
|
Batting: RHB Roger Pelley
|
0-0: Called Strike 0-1: Ball 1-1: Ball 2-1: Called Strike 2-2: Fly out, F9 (Line Drive, 9D, EV 88.8 MPH)
|
|
Batting: RHB Domingas Saragoa
|
0-0: Foul Ball, location: 2F 0-1: Foul Ball, location: 2F 0-2: Ground out 6-3 (Groundball, 6S, EV 86.9 MPH)
|
|
Batting: RHB Devon Healy
|
0-0: Foul Ball, location: 2F 0-1: Called Strike 0-2: Foul Ball, location: 2F 0-2: Foul Ball, location: 2F 0-2: Strikes out swinging
|
| Bottom of the 3rd over - 0 runs, 0 hits, 0 errors, 0 left on base; Elizabethton 5 - Greeneville 8 |
| TOP OF THE 4TH |
|
Elizabethton Twins batting - Pitching for Greeneville Astros : RHP Steve Kelly
|
|
Batting: LHB Joey Zamora
|
0-0: Foul Ball, location: 2F 0-1: Ball 1-1: Ball 2-1: Ball 3-1: Foul Ball, location: 2F 3-2: Foul Ball, location: 2F 3-2: Base on Balls
|
|
Batting: RHB Nestor Moreno
|
0-0: Called Strike 0-1: Swinging Strike 0-2: Foul Ball, location: 2F 0-2: Ball 1-2: Strikes out looking
|
|
Batting: RHB Josh Harmon
|
0-0: SINGLE (Groundball, 56D, EV 106.2 MPH) Joey Zamora to second
|
|
Batting: LHB Bill Lorimer
|
0-0: Ball 1-0: Fly out, F9 (Flyball, 9LS, EV 91.9 MPH)
|
|
Batting: LHB David Ramos
|
0-0: Called Strike 0-1: Called Strike 0-2: Ball 1-2: Ball 2-2: Fly out, F5 (Popup, 56S, EV 75.6 MPH)
|
| Top of the 4th over - 0 runs, 1 hit, 0 errors, 2 left on base; Elizabethton 5 - Greeneville 8 |
| BOTTOM OF THE 4TH |
|
Greeneville Astros batting - Pitching for Elizabethton Twins : LHP Mike Horton
|
|
Batting: RHB Jason Monico
|
0-0: SOLO HOME RUN (Flyball, 7D, EV 98.1 MPH), Distance : 391 ft
|
|
Batting: RHB John Moore
|
0-0: Called Strike 0-1: Ball 1-1: Foul Ball, location: 2F 1-2: Foul Ball, location: 2F 1-2: Strikes out swinging
|
|
Batting: LHB Vecdi Hodensack
|
0-0: Ground out 1-3 (Groundball, 13S, EV 73.1 MPH)
|
|
Batting: RHB Areda Obote
|
0-0: Ball 1-0: Ball 2-0: SOLO HOME RUN (Flyball, 9D, EV 92.5 MPH), Distance : 356 ft
|
|
Batting: RHB Hugo Priego
|
0-0: Swinging Strike 0-1: Ball 1-1: Swinging Strike 1-2: Ball 2-2: Foul Ball, location: 2F 2-2: Ground out 1-3 (Groundball, P, EV 76.2 MPH)
|
| Bottom of the 4th over - 2 runs, 2 hits, 0 errors, 0 left on base; Elizabethton 5 - Greeneville 10 |
| TOP OF THE 5TH |
|
Elizabethton Twins batting - Pitching for Greeneville Astros : RHP Steve Kelly
|
|
Batting: RHB Ratko Macura
|
0-0: Ball 1-0: Fly out, F4 (Line Drive, 4M, EV 65.6 MPH)
|
|
Batting: SHB Rodrigo Mendoza
|
0-0: Called Strike 0-1: Ball 1-1: Ball 2-1: Ball 3-1: Called Strike 3-2: Strikes out looking
|
|
Batting: RHB Kenny Reynolds
|
0-0: Ball 1-0: Reached on error, E6 (Groundball, 6, EV 104.4 MPH)
|
|
Batting: SHB Ed Mosqueda
|
0-0: Called Strike 0-1: Ball 1-1: Called Strike Kenny Reynolds steals 2nd base 1-2: Strikes out swinging
|
| Top of the 5th over - 0 runs, 0 hits, 1 error, 1 left on base; Elizabethton 5 - Greeneville 10 |
| BOTTOM OF THE 5TH |
|
Greeneville Astros batting - Pitching for Elizabethton Twins : LHP Mike Horton
|
|
Batting: SHB Terciero Ortiz
|
0-0: Foul Ball, location: 2F 0-1: Swinging Strike 0-2: Foul Ball, location: 2F 0-2: Ball 1-2: Strikes out swinging
|
|
Batting: RHB Roger Pelley
|
0-0: Ball 1-0: Ball 2-0: Ball 3-0: Base on Balls
|
|
Pitching: RHP Ron Didkowsky
|
|
|
Batting: RHB Domingas Saragoa
|
0-0: SINGLE (Groundball, 34, EV 103.1 MPH) Roger Pelley to second Runner from 2nd tries for 3rd, SAFE, throw by RF made to third
|
|
Batting: RHB Devon Healy
|
0-0: Fly out, F6 (Popup, 6M, EV 57.5 MPH)
|
|
Batting: RHB Jason Monico
|
0-0: Fielders Choice at 2nd, 5-4 (Groundball, 56, EV 78.1 MPH)
|
| Bottom of the 5th over - 0 runs, 1 hit, 0 errors, 2 left on base; Elizabethton 5 - Greeneville 10 |
| TOP OF THE 6TH |
|
Elizabethton Twins batting - Pitching for Greeneville Astros : RHP Steve Kelly
|
|
Pitching: LHP Shane Robinson
|
|
|
Batting: LHB Joey Zamora
|
0-0: Foul Ball, location: 2F 0-1: Foul Ball, location: 2F 0-2: Strikes out looking
|
|
Batting: RHB Nestor Moreno
|
0-0: Called Strike 0-1: Swinging Strike 0-2: Strikes out looking
|
|
Batting: RHB Josh Harmon
|
0-0: Called Strike 0-1: Called Strike 0-2: Ball 1-2: DOUBLE (Flyball, 78XD, EV 96.2 MPH)
|
|
Batting: LHB Bill Lorimer
|
0-0: Called Strike 0-1: Ball 1-1: Called Strike 1-2: Ball 2-2: Fly out, F8 (Flyball, 8RXD, EV 94.4 MPH)
|
| Top of the 6th over - 0 runs, 1 hit, 0 errors, 1 left on base; Elizabethton 5 - Greeneville 10 |
| BOTTOM OF THE 6TH |
|
Greeneville Astros batting - Pitching for Elizabethton Twins : RHP Ron Didkowsky
|
|
Batting: RHB John Moore
|
0-0: Called Strike 0-1: Ball 1-1: Called Strike 1-2: Strikes out swinging
|
|
Batting: LHB Vecdi Hodensack
|
0-0: Called Strike 0-1: Foul Ball, location: 2F 0-2: Strikes out looking
|
|
Batting: RHB Areda Obote
|
0-0: Called Strike 0-1: Swinging Strike 0-2: Strikes out looking
|
| Bottom of the 6th over - 0 runs, 0 hits, 0 errors, 0 left on base; Elizabethton 5 - Greeneville 10 |
| TOP OF THE 7TH |
|
Elizabethton Twins batting - Pitching for Greeneville Astros : LHP Shane Robinson
|
|
Batting: LHB David Ramos
|
0-0: Foul Ball, location: 2F 0-1: Swinging Strike 0-2: Foul Ball, location: 2F 0-2: Ball 1-2: Ball 2-2: Ball 3-2: Strikes out swinging
|
|
Batting: RHB Ratko Macura
|
0-0: Ball 1-0: Ball 2-0: Called Strike 2-1: Swinging Strike 2-2: Ball 3-2: Base on Balls
|
|
Pitching: RHP Max Warburton
|
|
|
Batting: SHB Rodrigo Mendoza
|
0-0: Ball Ratko Macura steals 2nd base (no throw) 1-0: Ball 2-0: Called Strike 2-1: Ball 3-1: Base on Balls
|
|
Batting: RHB Kenny Reynolds
|
0-0: Called Strike 0-1: Ball 1-1: SINGLE (Line Drive, 6MD, EV 98.8 MPH) Ratko Macura to third Rodrigo Mendoza to second
|
|
Batting: SHB Ed Mosqueda
|
0-0: SINGLE (Groundball, 34D, EV 98.8 MPH) Ratko Macura scores Rodrigo Mendoza to third Kenny Reynolds to second Runner from 3rd tries for Home, throw by RF and OUT! 9-2
|
|
Batting: LHB Joey Zamora
|
0-0: Ball 1-0: Called Strike 1-1: Swinging Strike 1-2: Strikes out swinging
|
| Top of the 7th over - 1 run, 2 hits, 0 errors, 2 left on base; Elizabethton 6 - Greeneville 10 |
| BOTTOM OF THE 7TH |
|
Greeneville Astros batting - Pitching for Elizabethton Twins : RHP Ron Didkowsky
|
|
Batting: RHB Hugo Priego
|
0-0: Called Strike 0-1: Swinging Strike 0-2: Ball 1-2: Strikes out swinging
|
|
Batting: SHB Terciero Ortiz
|
0-0: Ball 1-0: Fly out, F7 (Flyball, 7S, EV 90.6 MPH)
|
|
Batting: RHB Roger Pelley
|
0-0: DOUBLE (Flyball, 8RXD, EV 106.2 MPH)
|
|
Batting: RHB Domingas Saragoa
|
0-0: Ground out 4-3 (Groundball, 4S, EV 81.2 MPH)
|
| Bottom of the 7th over - 0 runs, 1 hit, 0 errors, 1 left on base; Elizabethton 6 - Greeneville 10 |
| TOP OF THE 8TH |
|
Elizabethton Twins batting - Pitching for Greeneville Astros : RHP Max Warburton
|
|
Batting: RHB Nestor Moreno
|
0-0: Called Strike 0-1: Ball 1-1: Foul Ball, location: 2F 1-2: SINGLE (Flyball, 9LS, EV 92.5 MPH)
|
|
Batting: RHB Josh Harmon
|
0-0: Ball 1-0: Called Strike 1-1: Ball 2-1: Ball Passed Ball! Nestor Moreno to second 3-1: Base on Balls
|
|
Pitching: RHP Marc Marchand
|
|
|
Batting: LHB Bill Lorimer
|
0-0: Hit by Pitch Nestor Moreno to third Josh Harmon to second
|
|
Batting: LHB David Ramos
|
0-0: Ball 1-0: Called Strike 1-1: Ball 2-1: Ball 3-1: Swinging Strike 3-2: Foul Ball, location: 2F 3-2: Foul Ball, location: 2F 3-2: Base on Balls Nestor Moreno scores Josh Harmon to third Bill Lorimer to second
|
|
Pinch Hitting: LHB George Roben
|
0-0: Ball 1-0: Ball 2-0: Ball 3-0: Base on Balls Josh Harmon scores Bill Lorimer to third David Ramos to second
|
|
Batting: SHB Rodrigo Mendoza
|
0-0: Ball 1-0: Foul Ball, location: 2F 1-1: Grounds into fielders choice 3-2 (Groundball, 34S, EV 61.9 MPH) David Ramos to third George Roben to second
|
|
Batting: RHB Kenny Reynolds
|
0-0: Ball 1-0: Called Strike 1-1: Ball 2-1: Fly out, F9 (Flyball, 89M, EV 98.1 MPH)
|
|
Batting: SHB Ed Mosqueda
|
0-0: Ball 1-0: Called Strike 1-1: Ball 2-1: SINGLE (Line Drive, 89M, EV 95.6 MPH) David Ramos scores George Roben to third Rodrigo Mendoza to second Runner from 3rd tries for Home, SAFE, throw by RF to home
|
|
Batting: LHB Joey Zamora
|
0-0: Called Strike 0-1: SINGLE (Groundball, 34D, EV 103.1 MPH) Rodrigo Mendoza to third Ed Mosqueda to second Runner from 3rd tries for Home, SAFE, throw by RF to home
|
|
Batting: RHB Nestor Moreno
|
0-0: Called Strike 0-1: Ball 1-1: Foul Ball, location: 2F 1-2: Foul Ball, location: 2F 1-2: Fly out, F8 (Line Drive, 8LD, EV 93.1 MPH)
|
| Top of the 8th over - 5 runs, 3 hits, 0 errors, 2 left on base; Elizabethton 11 - Greeneville 10 |
| BOTTOM OF THE 8TH |
|
Greeneville Astros batting - Pitching for Elizabethton Twins : RHP Ron Didkowsky
|
|
Now at C: Wil Patterson
|
|
|
Now at 2B: Ed Mosqueda
|
|
|
Now at SS: Jorge Corte
|
|
|
Now in LF: Raul Aldaz
|
|
|
Batting: LHB Casper Significant
|
0-0: Ball 1-0: Called Strike 1-1: Called Strike 1-2: Fly out, F3 (Line Drive, 3, EV 71.2 MPH)
|
|
Batting: RHB Jason Monico
|
0-0: Ball 1-0: Ball 2-0: Foul Ball, location: 2F 2-1: Ball 3-1: Foul Ball, location: 2F 3-2: SINGLE (Groundball, 6MD, EV 93.8 MPH)
|
|
Batting: RHB John Moore
|
0-0: Ball 1-0: Ball 2-0: Foul Ball, location: 2F 2-1: Called Strike 2-2: Foul Ball, location: 2F 2-2: Ball 3-2: Base on Balls Jason Monico to second
|
|
Pitching: LHP Choji Tominaga
|
|
|
Batting: LHB Vecdi Hodensack
|
0-0: Ball 1-0: Ball 2-0: Ball 3-0: Called Strike 3-1: Fielders Choice at 2nd, 4-6 (Groundball, 4, EV 108.8 MPH) Jason Monico to third
|
|
Batting: RHB Areda Obote
|
0-0: Ball 1-0: Ball 2-0: Ball 3-0: Base on Balls Vecdi Hodensack to second
|
|
Batting: RHB Hugo Priego
|
0-0: Foul Ball, location: 2F 0-1: Ball 1-1: Ground out U3 (Groundball, 34, EV 91.2 MPH)
|
| Bottom of the 8th over - 0 runs, 1 hit, 0 errors, 3 left on base; Elizabethton 11 - Greeneville 10 |
| TOP OF THE 9TH |
|
Elizabethton Twins batting - Pitching for Greeneville Astros : RHP Marc Marchand
|
|
Pitching: RHP Vinny Salazar
|
|
|
Batting: RHB Josh Harmon
|
0-0: Ball 1-0: Foul Ball, location: 2F 1-1: Fly out, F8 (Line Drive, 8LS, EV 96.2 MPH)
|
|
Batting: LHB Bill Lorimer
|
0-0: Ball 1-0: Swinging Strike 1-1: Ground out 2-3 (Groundball, 2L, EV 73.1 MPH)
|
|
Batting: LHB David Ramos
|
0-0: Swinging Strike 0-1: Swinging Strike 0-2: Strikes out swinging
|
| Top of the 9th over - 0 runs, 0 hits, 0 errors, 0 left on base; Elizabethton 11 - Greeneville 10 |
| BOTTOM OF THE 9TH |
|
Greeneville Astros batting - Pitching for Elizabethton Twins : LHP Choji Tominaga
|
|
Batting: SHB Terciero Ortiz
|
0-0: Called Strike 0-1: Ball 1-1: Swinging Strike 1-2: Foul Ball, location: 2F 1-2: Foul Ball, location: 2F 1-2: Ball 2-2: Ground out 6-3 (Groundball, 56S, EV 78.8 MPH)
|
|
Batting: RHB Roger Pelley
|
0-0: Ground out 6-3 (Groundball, 56S, EV 84.4 MPH)
|
|
Pitching: RHP Miguel Montelongo
|
|
|
Batting: RHB Domingas Saragoa
|
0-0: Ball 1-0: Ball 2-0: Foul Ball, location: 2F 2-1: Called Strike 2-2: Ball 3-2: Base on Balls
|
|
Batting: LHB Casper Significant
|
0-0: Ball 1-0: Foul Ball, location: 2F 1-1: Swinging Strike 1-2: Ball 2-2: Ball 3-2: Foul Ball, location: 2F 3-2: Strikes out swinging
|
| Bottom of the 9th over - 0 runs, 0 hits, 0 errors, 1 left on base; Elizabethton 11 - Greeneville 10 |
|